 Dungeon Crawl Stone Soup version 0.31-a0-700-gf13585253f (webtiles) character file.

Game seed: 16726368321934184947

422 qw the Shooter (level 6, -2/38 HPs)
             Began as a Gargoyle Hunter on Sept 7, 2023.
             Slain by a gnoll
             ... wielding a +0 halberd
             ... led by a gnoll bouda
              (9 damage)
             ... on level 5 of the Dungeon.
             The game lasted 00:01:08 (2310 turns).

qw the Shooter (Gargoyle Hunter)                    Turns: 2310, Time: 00:01:09

Health: -2/38      AC: 12    Str: 14    XL:     6   Next: 95%
Magic:  6/6        EV: 11    Int: 10    God:
Gold:   287        SH:  0    Dex: 15    Spells: 5/5 levels left

rFire   . . .        Y - +1 shortbow
rCold   . . .        (shield currently unavailable)
rNeg    + . .        j - +0 ring mail
rPois   inf          (no helmet)
rElec   +            (no cloak)
rCorr   .            a - +0 pair of gloves
SInv    .            e - +0 pair of boots
Will    .....        l - amulet of regeneration
Stlth   +            (no ring)
HPRegen 1.06/turn    (no ring)
MPRegen 0.10/turn

%: no passive effects
@: about to teleport, weakened
A: sickness immunity, AC +4, negative energy resistance 1, electricity
resistance, torment resistance 1, petrification resistance
a: no special abilities


You were on level 5 of the Dungeon.
You visited 1 branch of the dungeon, and saw 5 of its levels.

You collected 287 gold pieces.


Innate Abilities, Weirdness & Mutations

You are immune to sickness and miasma.
Your stone body is resilient. (AC +4)
You are immune to poison.
You resist negative energy. (rN+)
You are resistant to electric shocks. (rElec)
You are resistant to unholy torment.
You are immune to petrification.


   Skills:
 - Level 4.1 Fighting
 + Level 7.0 Ranged Weapons
 - Level 2.0 Armour
 - Level 1.5 Dodging
 - Level 1.1 Stealth


You had 5 spell levels left.
You didn't know any spells.
Your spell library was empty.

Inventory:

Hand Weapons
 Y - a +1 shortbow (weapon)
Armour
 a - a +0 pair of gloves (worn)
 e - a +0 pair of boots (worn)
 j - a +0 ring mail (worn)
Jewellery
 l - an amulet of regeneration (around neck)
Scrolls
 f - a scroll of teleportation
 g - a scroll of identify
Potions
 b - 2 potions of resistance
 c - a potion of mutation
 d - a potion of curing
 i - a potion of invisibility {unknown}
 n - a potion of attraction {unknown}

Dungeon Overview and Level Annotations

Branches:
Dungeon (5/15)
 Temple: D:4-7

Altars:
Gozag
Hepliaklqana
Makhleb
Uskayaw
The Shining One

Shops:
D:1 ?


Message History

The gnoll bouda is severely wounded.
The gnoll hits you from afar with a +0 halberd.
The gnoll bouda utters an invocation to its god.
The gnoll bouda is healed somewhat.
You shoot an arrow. The arrow hits the gnoll bouda.
The gnoll bouda is severely wounded.
The gnoll bouda gazes fiercely through you!
You feel your attacks grow feeble. The gnoll bouda closely misses you.
The gnoll barely misses you. The gnoll closely misses you.
The gnoll bouda hits you with a +0 club.
You shoot an arrow.
The arrow hits the gnoll bouda but does no damage.
The gnoll bouda is severely wounded.
The gnoll bouda gazes fiercely through you!
You feel as though you will be weak longer.
The gnoll bouda hits you with a +0 club.
The gnoll closely misses you.
You shoot an arrow. The arrow hits the gnoll bouda.
You kill the gnoll bouda!
The gnoll hits you but does no damage. The gnoll hits you with a +0 spear.
Your Armour skill increases to level 2!
You shoot an arrow. The arrow barely misses the gnoll.
The gnoll hits you but does no damage. The gnoll barely misses you.
You shoot an arrow. The arrow barely misses the gnoll.
The gnoll barely misses you. The gnoll closely misses you.
You shoot an arrow. The arrow hits the gnoll.
The gnoll is moderately wounded.
The gnoll closely misses you. The gnoll hits you with a +0 spear.
You shoot an arrow. The arrow barely misses the gnoll.
The gnoll hits you but does no damage. x2
You shoot an arrow. The arrow barely misses the gnoll.
The gnoll hits you from afar with a +0 halberd.
The gnoll hits you with a +0 spear. The gnoll hits you but does no damage.
2310 ||| READING 2 scrolls of teleportation.
As you read the scroll of teleportation, it crumbles to dust.
You feel strangely unstable. The gnoll hits you but does no damage.
The gnoll hits you from afar with a +0 halberd!
You die...

######._..7.._......
........................
#.........#._..._.......
#............._.....[...
........................
.............#..........
.............#..........
.............#..........
.......@...#............
.#....g#####............
...###g ##............ .
.g ...)...##'###### ...
.......##.#
#........#.....####
#......).##.......###
#........ #.......#.. ..
#.......#..


You could see 3 gnolls.

Vanquished Creatures
  2 scorpions
  2 hounds
  A jelly (D:4)
  A gnoll bouda (D:5)
  5 gnolls
  6 adders
  2 worms
  2 dart slugs (D:1)
  3 orcs
  7 ball pythons
  4 bats
  10 endoplasms
  4 giant cockroaches
  5 hobgoblins
  3 jackals
  A quokka (D:1)
  4 frilled lizards
  7 goblins
  4 kobolds
  8 rats
81 creatures vanquished.

Notes
Turn   | Place    | Note
-------+----------+-------------------------------------------
     0 | D:1      | qw the Gargoyle Hunter began the quest for the Orb.
     0 | D:1      | Reached XP level 1. HP: 12/12 MP: 1/1
     0 | D:1      | 0 ||| qw: Version: 0.3-a-76-g4403597
     0 | D:1      | 0 ||| qw: Game counter: 607
     0 | D:1      | 0 ||| qw: Melee chars always use a shield: true
     0 | D:1      | 0 ||| qw: God list: Okawaru
     0 | D:1      | 0 ||| qw: Allow faded altars: false
     0 | D:1      | 0 ||| qw: Do Orc after clearing Dungeon:15 true
     0 | D:1      | 0 ||| qw: Do second Lair branch before Depths: true
     0 | D:1      | 0 ||| qw: Lair rune preference: random
     0 | D:1      | 0 ||| qw: Goals: Normal
     0 | D:1      | 0 ||| PLANNING D:1-11
   128 | D:1      | Reached XP level 2. HP: 13/17 MP: 2/2
   147 | D:1      | Found Moshaub's Magic Scroll Emporium.
   154 | D:1      | 154 ||| SHOPLISTING 2 scrolls of teleportation (66 gold,
                  | have 11).
   154 | D:1      | 154 ||| SHOPLISTING scroll of brand weapon (104 gold, have
                  | 11).
   154 | D:1      | 154 ||| SHOPLISTING scroll of enchant weapon (82 gold, have
                  | 11).
   154 | D:1      | 154 ||| SHOPLISTING scroll of identify (22 gold, have 11).
   362 | D:1      | Reached XP level 3. HP: 21/21 MP: 3/3
   553 | D:1      | Reached skill level 5 in Ranged Weapons
   632 | D:1      | 632 ||| UPGRADING to +0 ring mail.
   642 | D:1      | 642 ||| DROPPING +0 leather armour.
   643 | D:1      | 643 ||| DROPPING +6 ring of intelligence.
   644 | D:1      | 644 ||| READING scroll labelled USAGGO XYWAMM.
   647 | D:1      | 647 ||| READING 2 scrolls labelled KOOKEI VEVUPAM.
   648 | D:1      | 648 ||| READING scroll labelled NIECEPSYL.
   649 | D:1      | 649 ||| READING scroll labelled FAIDWAWNUAPT.
   650 | D:1      | 650 ||| READING scroll labelled METYNI QIATTO.
   651 | D:1      | 651 ||| DROPPING scroll of butterflies.
   769 | D:2      | Reached skill level 1 in Armour
  1058 | D:2      | 1058 ||| UPGRADING to +0 pair of gloves.
  1063 | D:2      | 1063 ||| READING scroll labelled BOPTUGRETO.
  1064 | D:2      | 1064 ||| READING scroll labelled HIRUIXZ LIXO.
  1065 | D:2      | 1065 ||| READING scroll labelled SOTHRUI HALI.
  1084 | D:3      | Reached XP level 4. HP: 27/27 MP: 4/4
  1102 | D:3      | Reached skill level 3 in Fighting
  1338 | D:3      | Reached XP level 5. HP: 32/32 MP: 5/5
  1691 | D:3      | 1691 ||| DRINKING 3 yellow potions.
  1692 | D:3      | 1692 ||| READING 2 scrolls of identify.
  1692 | D:3      | 1692 ||| IDENTIFYING bubbling ruby potion
  1741 | D:4      | 1741 ||| STAIRDANCE
  1823 | D:4      | Reached skill level 6 in Ranged Weapons
  1900 | D:4      | Reached XP level 6. HP: 37/37 MP: 6/6
  2098 | D:4      | 2098 ||| UPGRADING to +0 pair of boots.
  2103 | D:4      | 2103 ||| UPGRADING to amulet of regeneration.
  2108 | D:4      | 2108 ||| READING 2 scrolls labelled FYNTEL QUE.
  2109 | D:4      | 2109 ||| READING scroll labelled ESENWA MUQUCO.
  2110 | D:4      | 2110 ||| DRINKING 2 sedimented white potions.
  2111 | D:4      | 2111 ||| READING 2 scrolls of identify.
  2111 | D:4      | 2111 ||| IDENTIFYING white potion
  2112 | D:4      | 2112 ||| DROPPING potion of degeneration.
  2113 | D:4      | 2113 ||| DROPPING scroll of vulnerability.
  2120 | D:5      | Entered Level 5 of the Dungeon
  2188 | D:5      | 2188 ||| Stepping ~*~*~tactically~*~*~ (retreating).
  2189 | D:5      | 2189 ||| Stepping ~*~*~tactically~*~*~ (retreating).
  2190 | D:5      | 2190 ||| Stepping ~*~*~tactically~*~*~ (retreating).
  2278 | D:5      | Found a hazy altar of Hepliaklqana.
  2281 | D:5      | Found an opulent altar of Gozag.
  2281 | D:5      | Found a glowing golden altar of the Shining One.
  2288 | D:5      | Reached skill level 7 in Ranged Weapons
  2289 | D:5      | Found a burning altar of Makhleb.
  2290 | D:5      | Found a hide-covered altar of Uskayaw.
  2295 | D:5      | 2295 ||| Stepping ~*~*~tactically~*~*~ (outnumbered).
  2309 | D:5      | HP: 6/38 [gnoll/+0 spear[a gnoll bouda] (4)]
  2310 | D:5      | 2310 ||| READING 2 scrolls of teleportation.
  2310 | D:5      | Slain by a gnoll

Levels and vault maps discovered:
D:1:      lightli_arrival_boilingwater, layout_loops_ring, serial_shops, shop
D:2:      layout_rooms
D:3:      layout_loops_ring
D:4:      layout_rooms, minivault_11
D:5:      layout_basic, grunt_temple_overflow_open

Skill      XL: |  1  2  3  4  5  6 |
---------------+-------------------+-----
Ranged Weapons | 5 6 7 |  7.0
Armour         | 1 2 |  2.0
Fighting       | 3 4 |  4.1
Dodging        | |  1.5
Stealth        | |  1.1

Action                     |  1- 3 |  4- 6 || total
---------------------------+-------+-------++-------
   Fire: Shortbow          |    93 |   152 ||   245
    Use: Scroll            |     8 |     5 ||    13
         Potion            |       |     2 ||     2
 Armour: Leather armour    |     9 |       ||     9
         Ring mail         |     7 |    67 ||    74
  Dodge: Dodged            |    21 |    51 ||    72

Table legend:
 A = Non-vault XP
 B = Vault XP
 C = Vault XP percentage of total XP
 D = Non-vault monster count
 E = Vault monster count
 F = Vault count percentage of total count
                 A         B        C        D         E       F
            +---------+---------+-------+---------+---------+-------
      Total |     603 |       0 |   0.0 |      81 |       0 |   0.0
            +---------+---------+-------+---------+---------+-------
        D:1 |      39 |       0 |   0.0 |      21 |       0 |   0.0
        D:2 |      42 |       0 |   0.0 |      19 |       0 |   0.0
        D:3 |     100 |       0 |   0.0 |      20 |       0 |   0.0
        D:4 |     217 |       0 |   0.0 |      15 |       0 |   0.0
        D:5 |     205 |       0 |   0.0 |       6 |       0 |   0.0
            +---------+---------+-------+---------+---------+-------
